 Dungeon Crawl Stone Soup version 0.22-a0-373-gab1296c (webtiles) character file.

1267 sugabear the Insei (level 8, -4/72 HPs)
             Began as a Gnoll Transmuter on Apr 25, 2018.
             Slain by chainedplains's ghost (14 damage)
             ... on level 5 of the Dungeon.
             The game lasted 00:07:14 (4284 turns).

sugabear the Insei (Gnoll Transmuter)               Turns: 4284, Time: 00:07:14

Health: -4/72      AC:  6    Str: 13    XL:     8   Next: 53%
Magic:  17/17      EV: 13    Int: 18    God:
Gold:   404        SH:  0    Dex: 15    Spells: 11/19 levels left

rFire    x . .     SeeInvis .     - Unarmed
rCold    + + +     Gourm    .   (shield currently unavailable)
rNeg     . . .     Faith    .   (armour currently unavailable)
rPois    +         Spirit   .   (helmet currently unavailable)
rElec    .         Reflect  .   (cloak currently unavailable)
rCorr    +         Harm     .   (gloves currently unavailable)
MR       .....                  (boots currently unavailable)
Stlth    +.........             (no amulet)
HPRegen  0.22/turn              o - ring of resist corrosion
MPRegen  0.15/turn              C - ring of loudness (curse)

@: ice-form
A: large, distributed training, strong nose
a: End Transformation


You were on level 5 of the Dungeon.
You were not hungry.
You were a creature of crystalline ice.
You visited 1 branch of the dungeon, and saw 5 of its levels.

You collected 404 gold pieces.

Inventory:

Hand Weapons
 e - a +2 vampiric dagger
 u - a +4 short sword of freezing
 y - a +1 quarterstaff of protection
 z - the cursed +0 halberd "Qischewa" (melded) {flame, Int+3}
   (You found it on level 5 of the Dungeon)

   It has been specially enchanted to burn those struck by it, causing extra
   injury to most foes and up to half again as much damage against particularly
   susceptible opponents.
   Big, fiery blades are also staple armaments of hydra-hunters.
   It affects your intelligence (+3).
   It has a curse placed upon it.
Missiles
 a - 71 arrows
Armour
 b - a +0 robe (melded)
Jewellery
 c - an uncursed ring of protection from fire
 o - a ring of resist corrosion (left front paw)
 q - an uncursed ring of flight
 r - an uncursed ring of protection from fire
 x - an uncursed ring of stealth
 C - a cursed ring of loudness (right front paw)
Wands
 l - a wand of digging (9)
Scrolls
 f - 4 scrolls of identify
 j - 3 scrolls of remove curse
 n - a scroll of enchant weapon {unknown}
 p - a scroll of fear {unknown}
 t - a scroll of immolation {unknown}
 v - a scroll of teleportation {unknown}
Potions
 g - a potion of cancellation {unknown}
 h - a potion of brilliance {unknown}
 i - a potion of might {unknown}
 k - 5 potions of curing {unknown}
 m - a potion of ambrosia {unknown}
 s - a potion of flight {unknown}
 w - a potion of haste
 A - a potion of heal wounds {unknown}
Comestibles
 d - 11 rations
 B - a chunk of flesh


   Skills:
 + Level 4.2 Fighting
 + Level 3.3 Short Blades
 + Level 3.3 Long Blades
 + Level 3.3 Axes
 + Level 3.3 Maces & Flails
 + Level 3.3 Polearms
 + Level 3.3 Staves
 + Level 3.3 Slings
 + Level 3.3 Bows
 + Level 3.3 Crossbows
 + Level 3.3 Throwing
 + Level 3.3 Armour
 + Level 5.7 Dodging
 + Level 3.3 Stealth
 + Level 3.3 Shields
 + Level 7.4 Unarmed Combat
 + Level 6.0 Spellcasting
 + Level 2.6 Conjurations
 + Level 2.6 Hexes
 + Level 2.6 Charms
 + Level 2.6 Summonings
 + Level 2.6 Necromancy
 + Level 2.6 Translocations
 + Level 4.7 Transmutations
 + Level 2.6 Fire Magic
 + Level 2.6 Ice Magic
 + Level 2.6 Air Magic
 + Level 2.6 Earth Magic
 + Level 2.6 Poison Magic
 + Level 3.6 Invocations
 + Level 3.3 Evocations


You had 11 spell levels left.
You knew the following spells:

 Your Spells              Type           Power        Failure   Level  Hunger
a - Beastly Appendage     Tmut           ###...       1%          1    None
b - Spider Form           Tmut/Pois      ###.......   8%          3    ##.....
c - Ice Form              Ice/Tmut       ###.....     26%         4    ####...


Dungeon Overview and Level Annotations

Branches:
Dungeon (5/15)
 Temple: D:4-7

Altars:
Ashenzari
Xom
Yredelemnul

Annotations:
D:5 chainedplains's ghost, novice DsGl


Innate Abilities, Weirdness & Mutations

Your experience applies equally to all skills.
((You have very sharp teeth.))
Your uncanny sense of smell can sniff out nearby items.


Message History

Chainedplains's ghost is lightly damaged.
Chainedplains's ghost hits you!
The centaur shoots an arrow.
The arrow barely misses you.
The centaur shoots an arrow.
The arrow hits you!
You see here an arrow.
The centaur unwields an uncursed shortbow.
The centaur hits you. The centaur barely misses you.
A hound comes into view.
The hound barks!
Chainedplains's ghost wails, "They lied to you.
The Dungeon just goes down and down forever."
The centaur misses you.
The hound moves out of view.
You punch the centaur! You freeze the centaur.
You kill the centaur!
Chainedplains's ghost hits you!
* * * LOW HITPOINT WARNING * * *
Unknown command.
You closely miss chainedplains's ghost.
Chainedplains's ghost is lightly damaged.
Chainedplains's ghost hits you!
You die...

#. #. #..........# .. #
.###..........# .. .. ..
####.....# .. ∆
#.#.####.......######. ..
.....................> ..
####.##............... ..
#..#.#......##.#### ##
...#######).........##.#
.......((WY.........##.#
################..........##.#
.......... (..........##.####
....##... #....#............#
........ #....#.#.#####.##.#
....##.# ####.#.#.#.....<#.#
....##.# .. #.#.###.##.#
###....# ... #........#
###....# ∆ #.#####.####


You could see chainedplains's ghost.

Vanquished Creatures
  Duvessa (D:4)
  A sky beast (D:5)
  An ice beast (D:5)
  A phantom (D:5)
  The ghost of sugabear the Insei, an amateur GnTm of Qazlal (D:3)
  A centaur (D:5)
  Dowan (D:4)
  A scorpion (D:4)
  2 jellies
  An orc priest (D:4)
  3 hounds
  Natasha (thrice) (D:4)
  2 iguanas
  An orc wizard (D:4)
  2 worker ants
  2 killer bee zombies
  9 adders
  4 shadow imps (D:5)
  An ooze (D:3)
  2 dart slugs
  2 worms
  A leopard gecko (D:5)
  6 orcs
  A ball python (D:2)
  7 giant cockroaches
  17 goblins
  6 hobgoblins
  11 bats
  5 frilled lizards
  8 kobolds
  A leopard gecko skeleton (D:5)
  A quokka zombie (D:5)
  4 rats
110 creatures vanquished.

Vanquished Creatures (others)
  7 toadstools (D:1)
7 creatures vanquished.

Grand Total: 117 creatures vanquished

Notes
Turn   | Place    | Note
-------+----------+-------------------------------------------
     0 | D:1      | sugabear the Gnoll Transmuter began the quest for the Orb.
     0 | D:1      | Reached XP level 1. HP: 17/17 MP: 6/6
   223 | D:1      | Reached XP level 2. HP: 11/23 MP: 5/7
   641 | D:1      | Reached XP level 3. HP: 28/28 MP: 9/9
   671 | D:1      | Learned a level 3 spell: Spider Form
   775 | D:1      | You fall through a shaft!
   781 | D:2      | Reached skill level 5 in Spellcasting
   981 | D:1      | Reached skill level 1 in Invocations
  1131 | D:2      | You fall through a shaft!
  1131 | D:3      | Found a shattered altar of Ashenzari.
  1264 | D:3      | Noticed sugabear's ghost (amateur GnTm)
  1275 | D:3      | Killed sugabear's ghost
  1275 | D:3      | Reached skill level 1 in Short Blades
  1275 | D:3      | Reached skill level 1 in Long Blades
  1275 | D:3      | Reached skill level 1 in Axes
  1275 | D:3      | Reached skill level 1 in Maces & Flails
  1275 | D:3      | Reached skill level 1 in Polearms
  1275 | D:3      | Reached skill level 1 in Staves
  1275 | D:3      | Reached skill level 1 in Slings
  1275 | D:3      | Reached skill level 1 in Bows
  1275 | D:3      | Reached skill level 1 in Crossbows
  1275 | D:3      | Reached skill level 1 in Throwing
  1275 | D:3      | Reached skill level 1 in Armour
  1275 | D:3      | Reached skill level 1 in Stealth
  1275 | D:3      | Reached skill level 1 in Shields
  1275 | D:3      | Reached skill level 1 in Conjurations
  1275 | D:3      | Reached skill level 1 in Hexes
  1275 | D:3      | Reached skill level 1 in Charms
  1275 | D:3      | Reached skill level 1 in Summonings
  1275 | D:3      | Reached skill level 1 in Necromancy
  1275 | D:3      | Reached skill level 1 in Translocations
  1275 | D:3      | Reached skill level 1 in Fire Magic
  1275 | D:3      | Reached skill level 1 in Ice Magic
  1275 | D:3      | Reached skill level 1 in Air Magic
  1275 | D:3      | Reached skill level 1 in Earth Magic
  1275 | D:3      | Reached skill level 1 in Poison Magic
  1275 | D:3      | Reached skill level 1 in Evocations
  1275 | D:3      | Reached XP level 4. HP: 28/34 MP: 1/11
  1275 | D:3      | Reached XP level 5. HP: 33/40 MP: 1/12
  1665 | D:3      | Found a basalt altar of Yredelemnul.
  2049 | D:4      | Reached XP level 6. HP: 44/47 MP: 9/13
  2077 | D:4      | Reached skill level 5 in Dodging
  2105 | D:4      | Noticed Duvessa
  2109 | D:4      | Noticed Dowan
  2114 | D:4      | Killed Duvessa
  2136 | D:4      | Killed Dowan
  2136 | D:4      | Reached XP level 7. HP: 31/52 MP: 8/15
  2323 | D:4      | Found a shimmering altar of Xom.
  2394 | D:4      | Reached skill level 7 in Unarmed Combat
  2402 | D:4      | Noticed Natasha
  2412 | D:4      | Killed Natasha
  2754 | D:4      | Noticed Natasha
  2761 | D:4      | Killed Natasha
  2968 | D:4      | Learned a level 4 spell: Ice Form
  3012 | D:4      | Noticed Natasha
  3020 | D:4      | Killed Natasha
  3280 | D:5      | Entered Level 5 of the Dungeon
  3572 | D:5      | Reached XP level 8. HP: 49/60 MP: 13/16
  3723 | D:5      | Noticed chainedplains's ghost (novice DsGl)
  4011 | D:5      | Got a faintly glowing halberd
  4012 | D:5      | Identified the cursed +0 halberd "Qischewa" {flame, Int+3} (You found it on level 5 of the Dungeon)
  4284 | D:5      | Slain by chainedplains's ghost

Vault maps used:
D:1:      nagdon_arrival_double_spiral
D:3:      kennysheep_the_goblin_king, yredelemnul_altar_generic,
          evilmike_ruin_ashenzari
D:4:      xom_teletrap_fun, first_ration, kennysheep_donut, uniq_natasha,
          uniq_duvessa
D:5:      gammafunk_temple_overflow_pools, nzn_random_ring

Skill      XL: |  1  2  3  4  5  6  7  8 |
---------------+-------------------------+-----
Spellcasting   | 5 6 |  6.0
Invocations    | 1 2 3 |  3.6
Short Blades   | 1 2 3 |  3.3
Long Blades    | 1 2 3 |  3.3
Axes           | 1 2 3 |  3.3
Maces & Flails | 1 2 3 |  3.3
Polearms       | 1 2 3 |  3.3
Staves         | 1 2 3 |  3.3
Slings         | 1 2 3 |  3.3
Bows           | 1 2 3 |  3.3
Crossbows      | 1 2 3 |  3.3
Throwing       | 1 2 3 |  3.3
Armour         | 1 2 3 |  3.3
Stealth        | 1 2 3 |  3.3
Shields        | 1 2 3 |  3.3
Conjurations   | 1 2 |  2.6
Hexes          | 1 2 |  2.6
Charms         | 1 2 |  2.6
Summonings     | 1 2 |  2.6
Necromancy     | 1 2 |  2.6
Translocations | 1 2 |  2.6
Fire Magic     | 1 2 |  2.6
Ice Magic      | 1 2 |  2.6
Air Magic      | 1 2 |  2.6
Earth Magic    | 1 2 |  2.6
Poison Magic   | 1 2 |  2.6
Evocations     | 1 2 3 |  3.3
Fighting       | 3 4 |  4.2
Transmutations | 4 |  4.7
Dodging        | 5 |  5.7
Unarmed Combat | 7 |  7.4

Action                   |  1- 3 |  4- 6 |  7- 9 || total
-------------------------+-------+-------+-------++-------
Melee: Unarmed           |    95 |    97 |   153 ||   345
       Bite              |     3 |     3 |     1 ||     7
       Kick              |     1 |       |       ||     1
       Headbutt          |     3 |       |       ||     3
       Punch             |       |     2 |       ||     2
 Cast: Beastly Appendage |    15 |       |       ||    15
       Spider Form       |     6 |    16 |    14 ||    36
       Ice Form          |       |       |     4 ||     4
 Abil: End Transformatio |       |       |     1 ||     1
  Use: Scroll            |       |     3 |     1 ||     4
 Stab: Sleeping          |     4 |     5 |     5 ||    14
  Eat: Chunk             |     2 |     4 |     8 ||    14
Armor: Robe              |     7 |     3 |     2 ||    12
       Skin              |     1 |     5 |     6 ||    12
Dodge: Dodged            |    52 |    87 |    97 ||   236

Table legend:
 A = Spawn XP
 B = Non-spawn XP
 C = Spawn XP percentage of total XP
 D = Spawn monster count
 E = Non-spawn monster count
 F = Spawn count percentage of total count
 G = Total turns spent on level
                    A         B        C        D         E        F      G
               +---------+---------+-------+---------+---------+-------+---------
         Total |       0 |    1811 |   0.0 |       0 |     110 |   0.0 |  4284
               +---------+---------+-------+---------+---------+-------+---------
           D:1 |       0 |      39 |   0.0 |       0 |      25 |   0.0 |   927
           D:2 |       0 |      63 |   0.0 |       0 |      22 |   0.0 |   492
           D:3 |       0 |     149 |   0.0 |       0 |      17 |   0.0 |   598
           D:4 |       0 |     751 |   0.0 |       0 |      21 |   0.0 |  1263
           D:5 |       0 |     809 |   0.0 |       0 |      25 |   0.0 |  1004
               +---------+---------+-------+---------+---------+-------+---------
